Map: Givre EC

Players

zidar - Winner!

  • Race: Zerg Zerg
  • League: Gold
  • Spawn Location: 5:00

Darlokh

  • Race: Protoss Protoss
  • Spawn Location: 1:00

VOD

Have the link to the VOD?

Description

Time

  • Played on: June 3, 2016, 10:12 a.m.
  • Length: 11:37
Show
View Real Time Build Order
Export as new Build Order

zidar Zerg - Winner!

Build Orders: Hatch First 

Get SALT Encoding   

  12  0:01  Drone  
  13  0:12  Overlord  
  13  0:17  Drone  
  14  0:31  Drone x2  
  14  0:34  Drone  
  17  0:57  Hatchery  
  16  0:58  Drone  
  17  1:15  Spawning Pool  
  17  1:16  Drone  
  17  1:21  Extractor  
  17  1:22  Drone  
  17  1:26  Drone  
  18  1:36  Overlord  
  18  1:42  Drone  
  19  2:02  Queen  
  21  2:08  Queen  
  22  2:29  Zergling x10  
  27  2:31  Metabolic Boost  
  27  3:01  Roach Warren  
  27  3:03  Drone x3  
  29  3:07  Zergling x2  
  29  3:08  Zergling x4  
  31  3:20  Zergling x4  
  31  3:21  Zergling x4  
  35  3:34  Overlord x2  
  35  3:36  Overlord  
  26  4:03  Zergling x18  
  35  4:47  Hatchery  
  24  5:17  Roach x7  
  24  5:18  Roach x4  
  45  5:32  Roach  
  45  5:33  Roach x2  
  51  5:48  Ravager x2  
  53  5:53  Ravager  
  54  6:05  Extractor  
  47  6:28  Drone x3  
  50  6:32  Lair  
  50  6:40  Extractor, Drone x7  
  50  6:44  Extractor  
  55  6:52  Queen, Drone x2  
  59  6:55  Overlord  
  59  7:14  Drone x4  
  63  7:16  Drone x2  
  63  7:18  Drone x2  
  63  7:22  Drone  
  68  7:45  Roach x4  
  68  7:48  Overlord  
  68  7:49  Overlord  
  74  8:08  Hydralisk Den  
  73  8:17  Drone x6  
  79  8:39  Roach x5  
  89  8:42  Overlord  
  89  8:43  Overlord x2  
  89  8:44  Overlord  
  69  9:23  Queen  
  63  9:29  Roach x9, Hydralisk  
  63  9:30  Hydralisk x6  
  85  10:20  Roach x9, Hydralisk x4  
  85  10:21  Hydralisk x4  
  111  10:22  Roach  
  121  10:33  Extractor  
  121  10:35  Extractor  
  119  10:42  Evolution Chamber  
  118  10:46  Evolution Chamber  
Show
View Real Time Build Order
Export as new Build Order

Darlokh Protoss 

Build Orders:  

Get SALT Encoding   

  12  0:01  Probe (Chrono Boost)  
  13  0:11  Probe (Chrono Boost)  
  14  0:17  Pylon  
  14  0:26  Probe (Chrono Boost)  
  15  0:37  Gateway  
  15  0:40  Probe (Chrono Boost)  
  16  0:51  Probe (Chrono Boost)  
  17  0:58  Gateway  
  17  1:03  Pylon  
  17  1:07  Probe (Chrono Boost)  
  18  1:18  Probe (Chrono Boost)  
  19  1:24  Zealot  
  21  1:31  Probe (Chrono Boost)  
  22  1:38  Gateway  
  22  1:42  Probe (Chrono Boost)  
  23  1:48  Zealot  
  23  1:51  Zealot  
  23  1:52  Probe (Chrono Boost)  
  28  2:21  Gateway  
  28  2:23  Gateway  
  28  2:28  Zealot  
  28  2:29  Pylon  
  30  2:31  Pylon  
  30  2:47  Zealot x2  
  34  2:56  Zealot  
  36  3:14  Zealot x2  
  36  3:18  Nexus  
  40  3:24  Pylon  
  40  3:27  Zealot  
  42  3:32  Zealot  
  44  3:38  Probe (Chrono Boost)  
  44  3:40  Zealot  
  33  4:18  Zealot x3  
  33  4:19  Zealot x2  
  43  4:35  Probe (Chrono Boost)  
  44  4:45  Probe (Chrono Boost), Zealot  
  39  5:29  Probe x2 (Chrono Boost)  
  41  5:36  Zealot x4  
  41  5:37  Zealot  
  41  5:39  Probe x2 (Chrono Boost)  
  55  5:50  Probe x2 (Chrono Boost)  
  55  6:00  Probe x2 (Chrono Boost)  
  55  6:02  Pylon  
  57  6:05  Pylon  
  57  6:11  Probe x2 (Chrono Boost)  
  36  6:22  Zealot x4  
  36  6:25  Zealot  
  46  6:35  Probe x2 (Chrono Boost)  
  48  6:45  Probe x2 (Chrono Boost)  
  50  6:49  Zealot x3  
  50  6:53  Zealot  
  58  6:56  Probe (Chrono Boost)  
  58  6:57  Zealot  
  61  7:04  Probe (Chrono Boost)  
  61  7:07  Probe (Chrono Boost)  
  63  7:16  Zealot x2  
  63  7:18  Zealot  
  63  7:20  Zealot  
  71  7:24  Zealot  
  73  7:31  Pylon  
  73  7:32  Pylon  
  73  7:43  Zealot x2  
  77  7:45  Zealot  
  79  7:52  Zealot x2  
  83  8:10  Zealot x2  
  83  8:12  Zealot  
  89  8:19  Zealot x2  
  93  8:37  Zealot x2  
  93  8:39  Zealot  
  99  8:43  Pylon  
  99  8:45  Pylon  
  99  8:46  Zealot  
  101  8:49  Pylon  
  101  8:55  Gateway  
  101  8:56  Gateway  
  101  8:59  Gateway  
  101  9:00  Gateway  
  101  9:01  Zealot  
  103  9:04  Zealot  
  103  9:05  Zealot  
  103  9:06  Zealot  
  95  9:13  Zealot  
  71  9:28  Zealot  
  67  9:31  Zealot  
  67  9:35  Nexus  
  69  9:39  Pylon  
  69  9:41  Zealot x3, Pylon  
  75  9:47  Zealot  
  75  9:49  Zealot  
  79  9:55  Zealot  
  79  9:56  Zealot  
  79  9:57  Zealot  
  83  10:01  Zealot  
  69  10:12  Zealot x3  
  71  10:20  Zealot  
  71  10:21  Zealot  
  75  10:25  Zealot  
  77  10:41  Zealot x4  
  85  10:45  Zealot  
  85  10:48  Zealot  
  89  11:05  Zealot  
  89  11:06  Zealot x2  
  89  11:08  Zealot  
Tags
 
League
Gold
Matchup
PvZ
Spawn Locations
Close Positions
Add a new tag
Caveats
  • Supply blocks, unpowered buildings, or Contaminate may cause inaccurate times.
  • Supply counts are checked every 10 seconds.